 Dungeon Crawl Stone Soup version 0.15.2 (webtiles) character file.

940 striepan the Carver (level 7, -3/66 HPs)
             Began as a Minotaur Fighter on Dec 20, 2014.
             Was a Follower of Okawaru.
             Blown up by Pikel (19 damage)
             ... with a wand of disintegration
             ... on Level 5 of the Dungeon.
             The game lasted 00:23:34 (3656 turns).

striepan the Carver (Minotaur Fighter)              Turns: 3656, Time: 00:23:35

HP  -3/66        AC  9     Str 20      XL: 7   Next: 88%
MP   3/3         EV  5     Int  5      God: Okawaru [*.....]
Gold 265         SH  9     Dex 12      Spells:  0 memorised,  6 levels left

rFire  . . .     SeeInvis .     a - +0 long sword
rCold  . . .     Clarity  .     i - +0 chain mail
rNeg   . . .     rCorr    .     c - +0 shield
rPois  .         rRot     .     (helmet restricted)
rElec  .         Spirit   .     (no cloak)
SustAb .         Warding  .     (no gloves)
rMut   .         Stasis   .     (no boots)
Gourm  .                        (no amulet)
MR     .....                    o - ring of teleport control
                                (no ring)

@: not resistant to hostile enchantments, extremely unstealthy
A: retaliatory headbutt, horns 2
a: Heroism, Renounce Religion, Evoke Teleport Control


You were on level 5 of the Dungeon.
You worshipped Okawaru.
Okawaru was aware of your devotion.
You were hungry.

You visited 2 branches of the dungeon, and saw 6 of its levels.
You also visited: Sewer.

You collected 265 gold pieces.

Inventory:

Hand weapons
 a - a +0 long sword (weapon)
Armour
 b - a +0 scale mail
 c - a +0 shield (worn)
 i - a +0 chain mail (worn)
 u - a +0 large shield
Magical devices
 y - a wand of fire (7) {unknown}
 D - a wand of digging (18) {unknown}
Comestibles
 d - 5 bread rations
 g - 2 meat rations
 j - 3 rotting chunks of orc flesh
 m - 2 beef jerkies
 C - a chunk of jackal flesh
Scrolls
 h - 3 scrolls of identify
 q - 3 scrolls of remove curse {unknown}
 r - 3 scrolls of recharging
 t - a scroll of blinking {unknown}
 v - a scroll of enchant weapon
 x - a scroll of amnesia
Jewellery
 k - an uncursed ring of regeneration
 l - an uncursed ring of wizardry
 o - a ring of teleport control (right hand)
Potions
 e - a potion of invisibility {unknown}
 f - 2 potions of heal wounds
 n - 2 potions of degeneration {unknown}
 p - a potion of curing
 s - a potion of restore abilities {unknown}
 w - 2 potions of haste {unknown}
 A - a potion of mutation {unknown}
 B - 2 potions of cancellation {unknown}
Books
 z - a book of Geomancy

   Spells                             Type                      Level
   Sandblast                          Earth                        1
   Stoneskin                          Transmutation/Earth          2
   Passwall                           Transmutation/Earth          3
   Stone Arrow                        Conjuration/Earth            3
   Petrify                            Transmutation/Earth          4
   Lee's Rapid Deconstruction         Earth                        5


   Skills:
 + Level 7.3 Fighting
 + Level 9.1 Long Blades
 * Level 3.7 Armour
 - Level 3.6 Shields


You had 6 spell levels left.
You didn't know any spells.

Dungeon Overview and Level Annotations

Branches:
Dungeon (5/15)             Temple (1/1) D:5

Altars:
Ashenzari
Cheibriados
Dithmenos
Kikubaaqudgha
Makhleb
Okawaru
Sif Muna
Vehumet
Yredelemnul
Zin

Annotations:
D:5 Pikel


Innate Abilities, Weirdness & Mutations

You reflexively headbutt those who attack you in melee.
You have a pair of horns on your head.


Message History

You see here an animal skin.
Found a ring mail.
You start resting.
Ugh!
There is something really disgusting in your inventory. (slot j)
A slave and Pikel come into view.
Pikel shouts!
The slave shouts!
Pikel zaps a wand.
You are blasted!
The slave hits you but does no damage.
You are feeling hungry.
You slash the slave! You headbutt the slave!
The slave is severely wounded.
Pikel zaps a wand.
You are blasted!
* * * LOW HITPOINT WARNING * * *
You block the slave's attack.
You closely miss the slave.
The slave is severely wounded.
You block the slave's attack.
You closely miss the slave.
The slave is severely wounded.
Pikel zaps a wand.
You are blasted!
You die...

#.# #.##.## #..## ..
#.##[[# .# ##.# ##
#.###.#####
.######.####### #.#
#.....###...............
#.#
###........#########....
#.# #........# ##### #>#
#.>......# #.<[.....#
#....@...# #....Kp..#
#........# #........#
#######.... #####


You could see Pikel and a slave.

Vanquished Creatures
  Eustachio (D:5)
  3 slaves (D:5)
  Purgy (Sewer)
  2 ogres (D:5)
  2 crimson imps (D:5)
  A hound (D:4)
  4 orc wizards
  2 iguanas
  4 worker ants
  3 gnolls (D:3)
  6 adders
  2 orc skeletons
  A giant mite (D:4)
  A worm (D:2)
  An adder skeleton (D:4)
  2 giant geckos
  13 orcs
  2 ball pythons
  11 goblins
  8 hobgoblins
  4 jackals (D:5)
  2 quokkas
  15 bats
  8 giant cockroaches
  6 giant newts
  12 kobolds
  11 rats
128 creatures vanquished.

Notes
Turn   | Place    | Note
--------------------------------------------------------------
     0 | D:1      | striepan, the Minotaur Fighter, began the quest for the Orb.
     0 | D:1      | Reached XP level 1. HP: 19/19 MP: 1/1
   170 | D:1      | Reached XP level 2. HP: 26/26 MP: 1/1
   603 | D:1      | Reached skill level 4 in Long Blades
   902 | D:2      | Reached XP level 3. HP: 31/31 MP: 2/2
  1292 | D:2      | Reached skill level 5 in Long Blades
  1397 | D:2      | Reached XP level 4. HP: 28/39 MP: 2/2
  1664 | D:3      | Reached skill level 6 in Long Blades
  2011 | D:3      | Reached XP level 5. HP: 41/45 MP: 2/2
  2564 | D:4      | Reached skill level 7 in Long Blades
  2564 | D:4      | Reached XP level 6. HP: 38/55 MP: 3/3
  2622 | D:4      | Found a glowing drain.
  2633 | Sewer    | Entered a sewer
  2655 | Sewer    | Noticed Purgy
  2666 | Sewer    | Killed Purgy
  2666 | Sewer    | Reached skill level 5 in Fighting
  3269 | D:5      | Entered Level 5 of the Dungeon
  3298 | D:5      | Found a staircase to the Ecumenical Temple.
  3322 | Temple   | Entered the Ecumenical Temple
  3348 | Temple   | Became a worshipper of Warmaster Okawaru
  3379 | D:5      | Reached skill level 8 in Long Blades
  3379 | D:5      | Reached XP level 7. HP: 62/62 MP: 3/3
  3492 | D:5      | Noticed Eustachio
  3514 | D:5      | Killed Eustachio
  3514 | D:5      | Acquired Okawaru's first power
  3514 | D:5      | Reached skill level 9 in Long Blades
  3651 | D:5      | Noticed Pikel
  3656 | D:5      | Blown up by Pikel

Action                   |  1- 3 |  4- 6 |  7- 9 || total
-------------------------+-------+-------+-------++-------
Melee: Long sword        |   141 |   185 |    84 ||   410
  Use: Potion            |       |     4 |       ||     4
       Scroll            |       |     7 |       ||     7
  Eat: Chunk             |     2 |     6 |     1 ||     9
